 Dungeon Crawl Stone Soup version 0.30-b1-2-g02819fbbbe (webtiles) character file.

Game seed: 6110356468962726774

266 Alarkh the Insei (level 6, 48/48 HPs)
             Began as a Demonspawn Chaos Knight on May 20, 2023.
             Was a Plaything of Xom.
             Got out of the dungeon alive.
             The game lasted 00:04:54 (1724 turns).

Alarkh the Insei (Demonspawn Chaos Knight)          Turns: 1724, Time: 00:04:55

Health: 48/48      AC:  6    Str: 12    XL:     6   Next: 0%
Magic:  5/5        EV: 11    Int: 17    God:    Xom [..*...]
Gold:   120        SH:  0    Dex: 19    Spells: 3/5 levels left

rFire   . .          .
                       - Unarmed
rCold   . . .        (no shield)
rNeg    . . .        a - +2 leather armour
rPois   .            j - +0 helmet
rElec   .            (no cloak)
rCorr   .            (no gloves)
SInv    .            (no boots)
Will    .....        (no amulet)
Stlth   +            e - +6 ring of dexterity
HPRegen 0.28/turn    h - ring of wizardry
MPRegen 0.09/turn

%: wizardry (x1)
@: no status effects
A: claws 1, ignite blood 1, powered by pain 2, big brain 1, talons 1, low MP 1,
sense surroundings 1, no potion heal 1
a: Renounce Religion


You escaped.
You worshipped Xom.
You were a toy of Xom.
You visited 1 branch of the dungeon, and saw 3 of its levels.

You collected 120 gold pieces.

Inventory:

Armour
 a - a +2 leather armour (worn)
 j - a +0 helmet (worn)
Jewellery
 e - a +6 ring of dexterity (left claw)
 h - a ring of wizardry (right claw)
Scrolls
 c - 2 scrolls of vulnerability
 d - a scroll of fog {unknown}
 i - a scroll of immolation {unknown}
 l - a scroll of enchant armour {unknown}
 r - a scroll of identify
Potions
 g - a potion of magic {unknown}
 m - a potion of curing
Miscellaneous
 b - a piece from Xom's chessboard (15/15) (quivered)


   Skills:
 + Level 3.7 Fighting
 - Level 1.7 Armour
 - Level 0.8 Dodging
 * Level 5.7 Unarmed Combat
 + Level 0.3 Spellcasting
 + Level 0.1 Transmutations


You had 3 spell levels left.
You knew the following spells:

 Your Spells              Type           Power      Damage    Failure   Level
a - Wereblood             Tmut           0%         N/A       16%         2

Your spell library contained the following spells:

 Spells                   Type           Power      Damage    Failure   Level
 Blink                    Tloc           0%         N/A       17%         2
 Lesser Beckoning         Tloc           0%         N/A       17%         2
 Momentum Strike          Conj/Tloc      0%         3d8       17%         2
 Sublimation of Blood     Necr           0%         N/A       17%         2
 Dazzling Flash           Conj/Hex       0%         N/A       32%         3
 Volatile Blastmotes      Fire/Tloc      0%         2d10      32%         3
 Iskenderun's Mystic Bla  Conj/Tloc      0%         2d3       71%         4
 Starburst                Conj/Fire      0%         6d3       100%        6
 Summon Hydra             Summ           0%         N/A       100%        7


Dungeon Overview and Level Annotations

Branches:
Dungeon (3/15)

Altars:


Innate Abilities, Weirdness & Mutations

You have sharp fingernails.
Your demonic aura sometimes causes spilled blood to erupt in flames.
You sometimes gain power by taking damage.
You have an unusually large brain. (Int +2)
You have sharp toenails.
Your magical capacity is low. (-10% MP)
You passively map a small area around you.
Potions are less effective at restoring your health.


Message History

The kobold dies!
You scratch the worm. You claw the worm.
The worm is heavily wounded.
The worm bites you but does no damage.
You barely miss the worm.
The worm is heavily wounded.
You claw the worm! Your kick misses the worm.
The worm is almost dead.
The worm bites you.
You claw the worm!
You kill the worm!
The ball python barely misses you. The ball python closely misses you.
You have reached level 6!
Your demonic ancestry asserts itself...
Your blood heats up.
Unknown command.
You claw the ball python!
You kill the ball python!
No target in view!
Your +0 dagger falls from the air.
Things that are here:
a +0 club; a goblin skeleton
Things that are here:
a +0 club; a jackal corpse; a rat skeleton
Things that are here:
a +0 club; a goblin skeleton
There is a stone staircase leading up here.
You climb upwards.
There is a stone staircase leading down here.
Things that are here:
5 stones; a +0 club You see here a +0 dagger.
Xom grants you insight.
You detect nothing.
You can't go up here!
(D) Dungeon
Where to? (Enter - D:1 @ (x,y), ? - help)
There is a staircase leading out of the dungeon here.
Are you sure you want to leave the Dungeon?
This will make you lose the game!
You have escaped!

###.###..###.#.#..#...#
#.##.###..##.##......
#.##.#...#.##.#...#..
#.###.######.#...#..# #.#
###.#...#..#...#.
#.####.#.###.##......
#.##..##.#.#...##...#
#.###..##.##.##....#.
###########.##@.#..#.##...#....
#.........#.###################
##.######.#.###################
#.# #.#.#......#........... #.#
###..........#........... #.#
#............#........... #.#
#....##.##...........>... #.#
#....#...#............... #.#
#......#........#########


There were no monsters in sight!

Vanquished Creatures
  2 adders (D:2)
  A worm (D:2)
  2 dart slugs (D:1)
  4 endoplasms
  11 goblins
  5 hobgoblins
  8 jackals
  5 kobolds (D:1)
  3 quokkas
  3 ball pythons
  A bat (D:1)
  2 frilled lizards
  3 rats
50 creatures vanquished.

Vanquished Creatures (collateral kills)
  Sigmund (D:2)
  Robin (D:2)
  3 goblins (D:2)
  2 kobolds (D:2)
7 creatures vanquished.

Grand Total: 57 creatures vanquished

Notes
Turn   | Place    | Note
-------+----------+-------------------------------------------
     0 | D:1      | Alarkh the Demonspawn Chaos Knight began the quest for the
                  | Orb.
     0 | D:1      | Reached XP level 1. HP: 18/18 MP: 1/1
    67 | D:1      | Reached skill level 3 in Unarmed Combat
    86 | D:1      | Gained mutation: You sometimes gain a little power by
                  | taking damage. [demonic ancestry]
    86 | D:1      | Reached XP level 2. HP: 12/24 MP: 2/2
   339 | D:1      | XOM: divination: detect creatures
   416 | D:1      | XOM: snakes to sticks
   573 | D:1      | XOM: give mutations
   573 | D:1      | Gained mutation: You have sharp toenails. [Xom's mischief]
   573 | D:1      | Gained mutation: You passively map a small area around you.
                  | [Xom's mischief]
   573 | D:1      | Gained mutation: Your magical capacity is low. (-10% MP)
                  | [Xom's mischief]
   573 | D:1      | Gained mutation: Potions are less effective at restoring
                  | your health. [Xom's mischief]
   612 | D:1      | Gained mutation: You sometimes gain power by taking damage.
                  | [demonic ancestry]
   612 | D:1      | Reached XP level 3. HP: 24/29 MP: 2/2
  1202 | D:1      | XOM: noise
  1297 | D:2      | Learned a level 2 spell: Wereblood
  1337 | D:2      | Reached skill level 4 in Unarmed Combat
  1359 | D:2      | XOM: swap monsters
  1436 | D:2      | XOM: silly message
  1448 | D:2      | XOM: 2-stop teleportation journey
  1450 | D:2      | Noticed Robin
  1450 | D:2      | Noticed Sigmund
  1457 | D:2      | XOM: enchant monster (bad)
  1467 | D:2      | XOM: potion effect (magic)
  1470 | D:3      | Gained mutation: You have sharp fingernails. [demonic
                  | ancestry]
  1470 | D:3      | Reached XP level 4. HP: 35/35 MP: 3/3
  1503 | D:2      | Killed Sigmund
  1504 | D:2      | Reached skill level 5 in Unarmed Combat
  1504 | D:2      | Gained mutation: You have an unusually large brain. (Int
                  | +2) [demonic ancestry]
  1504 | D:2      | Reached XP level 5. HP: 42/42 MP: 3/4
  1504 | D:2      | Killed Robin
  1578 | D:2      | Gained mutation: Your demonic aura sometimes causes spilled
                  | blood to erupt in flames. [demonic ancestry]
  1578 | D:2      | Reached XP level 6. HP: 42/48 MP: 5/5
  1716 | D:1      | XOM: divination: detect creatures
  1724 | D:$      | Got out of the dungeon alive.

Illustrated notes

Levels and vault maps discovered:
D:1:      erik_arrival_cave_to_civilisation [erik_arrival_cave_to_hall],
          layout_basic, roderic_lattice_a, minmay_tromino_v4_b
D:2:      layout_basic, kennysheep_decorative_pillar, uniq_robin, uniq_sigmund,
          uniq_crazy_yiuf_cottage
D:3:      layout_rooms, demons_altar, okawaru_trees_2, grunt_gozag_breadcrumbs,
          uniq_ijyb

Skill      XL: |  1  2  3  4 |
---------------+-------------+-----
Unarmed Combat | 3 4 5 |  5.7
Fighting       | |  3.7
Armour         | |  1.7
Dodging        | |  0.8
Spellcasting   | |  0.3
Transmutations | |  0.1

Action                     |  1- 3 |  4- 6 || total
---------------------------+-------+-------++-------
  Melee: Unarmed           |   151 |    23 ||   174
         Punch             |     2 |       ||     2
         Kick              |    16 |     6 ||    22
   Cast: Wereblood         |     1 |     1 ||     2
    Use: Scroll            |     1 |     1 ||     2
         Potion            |     1 |       ||     1
   Stab: Sleeping          |     1 |       ||     1
 Armour: Leather armour    |    57 |     5 ||    62
  Dodge: Dodged            |    95 |    18 ||   113
